 Seeded DCSS version 0.29.1-1-gd02db6906a (webtiles) character file.

Game seed: 12155265527922531303 (custom seed)

1843 Hubris850 the Vexing (level 9, -1/67 HPs)
             Began as a Gnoll Arcane Marksman on Oct 13, 2022.
             Slain by Maggie
             ... wielding a +0 morningstar
              (14 damage)
             ... on level 6 of the Dungeon.
             The game lasted 00:16:58 (6940 turns).

Hubris850 the Vexing (Gnoll Arcane Marksman)        Turns: 6940, Time: 00:16:58

Health: -1/67      AC:  4    Str: 12    XL:     9   Next: 12%
Magic:  16/16      EV: 14    Int: 18    God:
Gold:   345        SH:  0    Dex: 12    Spells: 7/18 levels left

rFire   . . .      SeeInvis .   a - +12 short sword of Zusk {venom, Int+3}
rCold   . . .      Faith    .   (no shield)
rNeg    . . .      Spirit   .   c - +0 robe
rPois   .          Reflect  .   (no helmet)
rElec   .          Harm     .   (no cloak)
rCorr   .          Rampage  .   C - +0 pair of gloves
Will    .....                   p - +0 pair of boots
Stlth   ++........              (no amulet)
HPRegen 0.21/turn               r - ring of wizardry
MPRegen 0.15/turn               (no ring)

@: no status effects
A: fangs 1, strong nose, distributed training
a: no special abilities


You were on level 6 of the Dungeon.
You visited 1 branch of the dungeon, and saw 6 of its levels.
You also visited: Sewer.

You collected 345 gold pieces.

Inventory:

Hand Weapons
 a - the +12 short sword of Zusk (weapon) {venom, Int+3}
   (You found it on level 2 of the Dungeon)

   It poisons the flesh of those it strikes.
   Int:       It affects your intelligence (+3).
 b - a +1 sling
 k - a +2 dagger of flaming
Missiles
 f - 7 boomerangs
 s - 16 javelins
 A - 5 atropa-tipped darts
Armour
 c - a +0 robe (worn)
 p - a +0 pair of boots (worn)
 C - a +0 pair of gloves (worn)
Magical Staves
 i - a staff of cold
Jewellery
 r - a ring of wizardry (left hand)
Wands
 m - a wand of polymorph (8)
Scrolls
 d - 3 scrolls of blinking
 e - 4 scrolls of poison
 g - 3 scrolls of magic mapping {unknown}
 h - 6 scrolls of identify {unknown}
 l - 2 scrolls of vulnerability {unknown}
 n - a scroll of fear {unknown}
 t - 4 scrolls of teleportation {unknown}
 v - a scroll of summoning {unknown}
 w - 2 scrolls of butterflies {unknown}
 y - a scroll of amnesia {unknown}
 B - a scroll of noise {unknown}
 D - a scroll of brand weapon {unknown}
Potions
 j - 4 potions of curing {unknown}
 q - a potion of might {unknown}
 u - a potion of heal wounds {unknown}
 x - a potion of haste {unknown}
 z - a potion of lignification {unknown}


   Skills:
 + Level 4.9 Fighting
 + Level 4.0 Short Blades
 + Level 4.0 Long Blades
 + Level 4.0 Axes
 + Level 4.0 Maces & Flails
 + Level 4.0 Polearms
 + Level 4.0 Staves
 + Level 6.2 Ranged Weapons
 + Level 4.0 Throwing
 + Level 4.0 Armour
 + Level 6.2 Dodging
 + Level 4.0 Stealth
 + Level 4.0 Shields
 + Level 4.0 Unarmed Combat
 + Level 5.0 Spellcasting
 + Level 3.3 Conjurations
 + Level 6.4 Hexes
 + Level 3.3 Summonings
 + Level 3.3 Necromancy
 + Level 3.3 Translocations
 + Level 3.3 Transmutations
 + Level 3.3 Fire Magic
 + Level 3.3 Ice Magic
 + Level 3.3 Air Magic
 + Level 3.3 Earth Magic
 + Level 3.3 Poison Magic
 + Level 4.5 Invocations
 + Level 4.0 Evocations


You had 7 spell levels left.
You knew the following spells:

 Your Spells              Type           Power      Damage    Failure   Level
a - Slow                  Hex            100%       N/A       1%          1
b - Mephitic Cloud        Conj/Pois/Air  16%        N/A       4%          3
c - Cause Fear            Hex            13%        N/A       3%          4
d - Frozen Ramparts       Ice            32%        1d5       4%          3

Your spell library contained the following spells:

 Spells                   Type           Power      Damage    Failure   Level
 Magic Dart               Conj           64%        1d6       1%          1
 Call Imp                 Summ           16%        N/A       1%          2
 Static Discharge         Conj/Air       16%        3-5/arc   1%          2
 Inner Flame              Hex/Fire       22%        N/A       2%          3
 Portal Projectile        Hex/Tloc       44%        N/A       2%          3
 Ice Form                 Ice/Tmut       16%        N/A       13%         4
 Summon Ice Beast         Ice/Summ       16%        N/A       13%         4
 Lightning Bolt           Conj/Air       8%         1d20      34%         5
 Maxwell's Capacitive Co  Air            8%         ∞         100%        8


Dungeon Overview and Level Annotations

Branches:
Dungeon (6/15)              Sewer (visited)
 Temple: D:4-7

Altars:
Sif Muna
Vehumet

Shops:
D:5 !

Annotations:
D:6 Maggie


Innate Abilities, Weirdness & Mutations

You have very sharp teeth.
Your uncanny sense of smell can sniff out nearby items.
Your experience applies equally to all skills.


Message History

Unknown command.
Unknown command.
You break out of your daze.
Maggie misses you.
You hit Maggie. Your bite misses Maggie.
Maggie is lightly wounded.
Maggie gestures at you while chanting. The bolt of fire hits you!
You puncture Maggie! Your bite misses Maggie.
Maggie is moderately wounded.
You hit Maggie. Your bite misses Maggie.
Maggie is moderately wounded.
Maggie closely misses you.
You barely miss Maggie. You bite Maggie, but do no damage.
Maggie is moderately wounded.
You hit Maggie.
Maggie is moderately wounded.
Maggie hits you with a +0 morningstar.
You hit Maggie. You bite Maggie, but do no damage.
Maggie is heavily wounded.
Maggie closely misses you.
You hit Maggie but do no damage. You bite Maggie, but do no damage.
Maggie is heavily wounded.
You hit Maggie. Your bite misses Maggie.
Maggie is heavily wounded.
Maggie barely misses you.
You hit Maggie.
Maggie is poisoned.
Maggie is heavily wounded.
Maggie hits you with a +0 morningstar!
* * * LOW HITPOINT WARNING * * *
You hit Maggie.
Maggie looks as sick as possible!
Maggie is severely wounded.
You hit Maggie but do no damage.
Maggie looks as sick as possible!
Your punch misses Maggie. Your bite misses Maggie.
Maggie is severely wounded.
Maggie closely misses you.
You hit Maggie.
Maggie looks as sick as possible!
Maggie is severely wounded.
Maggie hits you with a +0 morningstar!
You die...

# #.....# # #.....#
####~....# ∆ ...†.#...#
######## ..####...#
#......# ..'..#...#
#......#+##. ..##.#.###
.....(((... ### #.#
#..@...... .∆ #.#
#.@.......
######.########........#
....†..#...............#
########.######........#
)....# #.# ###......#
...#.###.# ....###
##.#.....# ....#
#.####### ....# #.# ∆
...#


You could see Maggie (extremely poisoned, slow).

Vanquished Creatures
  3 yaks (D:4)
  A water moccasin (D:5)
  Duvessa (D:4)
  A sky beast (D:6)
  An ogre (D:5)
  A phantom (D:5)
  2 bullfrogs (Sewer)
  3 scorpions
  A necrophage (D:5)
  Dowan (D:4)
  A howler monkey (D:5)
  4 orc priests
  A hound (D:5)
  2 jellies
  2 iguanas
  2 orc wizards
  8 adders
  A river rat (D:3)
  A white imp (D:5)
  An ufetubus (D:5)
  5 worms
  2 dart slugs
  10 orcs
  6 ball pythons
  5 bats
  6 endoplasms
  6 giant cockroaches
  4 goblins
  2 hobgoblins
  6 jackals
  9 quokkas
  16 frilled lizards
  4 kobolds
  10 rats
129 creatures vanquished.

Notes
Turn   | Place    | Note
-------+----------+-------------------------------------------
     0 | D:1      | Hubris850 the Gnoll Arcane Marksman began the quest for the
                  | Orb.
     0 | D:1      | Reached XP level 1. HP: 17/17 MP: 4/4
   175 | D:1      | Reached XP level 2. HP: 23/23 MP: 5/5
  1455 | D:2      | Reached XP level 3. HP: 23/28 MP: 7/7
  1591 | D:2      | Identified the +12 short sword of Zusk {venom, Int+3}
  1763 | D:2      | Reached skill level 1 in Invocations
  1864 | D:2      | Reached skill level 1 in Short Blades
  1864 | D:2      | Reached skill level 1 in Long Blades
  1864 | D:2      | Reached skill level 1 in Axes
  1864 | D:2      | Reached skill level 1 in Maces & Flails
  1864 | D:2      | Reached skill level 1 in Polearms
  1864 | D:2      | Reached skill level 1 in Staves
  1864 | D:2      | Reached skill level 1 in Throwing
  1864 | D:2      | Reached skill level 1 in Armour
  1864 | D:2      | Reached skill level 1 in Stealth
  1864 | D:2      | Reached skill level 1 in Shields
  1864 | D:2      | Reached skill level 1 in Unarmed Combat
  1864 | D:2      | Reached skill level 1 in Evocations
  1868 | D:2      | Learned a level 3 spell: Mephitic Cloud
  2069 | D:2      | Reached XP level 4. HP: 34/34 MP: 8/8
  2634 | D:3      | Learned a level 4 spell: Cause Fear
  2763 | D:3      | Found a faded altar of an unknown god.
  2852 | D:3      | Reached skill level 1 in Conjurations
  2852 | D:3      | Reached skill level 1 in Summonings
  2852 | D:3      | Reached skill level 1 in Necromancy
  2852 | D:3      | Reached skill level 1 in Translocations
  2852 | D:3      | Reached skill level 1 in Transmutations
  2852 | D:3      | Reached skill level 1 in Fire Magic
  2852 | D:3      | Reached skill level 1 in Ice Magic
  2852 | D:3      | Reached skill level 1 in Air Magic
  2852 | D:3      | Reached skill level 1 in Earth Magic
  2852 | D:3      | Reached skill level 1 in Poison Magic
  3032 | D:3      | Found a glowing drain.
  3039 | Sewer    | Entered a sewer
  3302 | Sewer    | Reached XP level 5. HP: 36/40 MP: 9/9
  3475 | Sewer    | Reached skill level 5 in Ranged Weapons
  3475 | Sewer    | Reached skill level 5 in Dodging
  3475 | Sewer    | Reached XP level 6. HP: 27/47 MP: 9/11
  4021 | D:4      | Found a radiant altar of Vehumet.
  4433 | D:4      | Noticed Duvessa
  4435 | D:4      | Noticed Dowan
  4447 | D:4      | Killed Duvessa
  4448 | D:4      | Reached XP level 7. HP: 30/52 MP: 10/12
  4451 | D:4      | Killed Dowan
  4629 | D:4      | Noticed a yak
  4630 | D:4      | Noticed a yak
  4630 | D:4      | Noticed a yak
  4634 | D:4      | Killed a yak
  4639 | D:4      | Killed a yak
  4645 | D:4      | Killed a yak
  4646 | D:4      | Reached XP level 8. HP: 37/60 MP: 12/14
  4650 | D:4      | Learned a level 3 spell: Frozen Ramparts
  5273 | D:5      | Entered Level 5 of the Dungeon
  5293 | D:5      | Found Nuarhics's Distillery.
  5945 | D:5      | Found a shimmering blue altar of Sif Muna.
  6826 | D:6      | Reached XP level 9. HP: 66/66 MP: 16/16
  6863 | D:6      | Reached skill level 5 in Spellcasting
  6919 | D:6      | Noticed Maggie
  6940 | D:6      | Slain by Maggie

Illustrated notes

Levels and vault maps discovered:
D:1:      wander_arrival_lonely_grave, layout_loops_corners, minmay_octomino_e4
D:2:      layout_basic, serial_co_window_serial, co_window_paths_a,
          co_window_paths_a, co_window_of_opportunity_a, co_window_paths_b,
          co_window_corner_a, co_window_of_opportunity_c, co_window_broadway_c,
          co_window_corner_ca, co_window_cross_2, co_window_broadway_a,
          co_window_4corner_a, glass_columns_a
D:3:      layout_rooms, ebering_ecumenical_altar_sacrificial,
          lightli_sewer_entry_pipes, chequers_serial_rivers_micro_b,
          minmay_misc_feat_four_crosses, hex_intersection
D:4:      layout_gridville, vehumet_crystals, uniq_duvessa
D:5:      layout_basic, nicolae_sif_muna_condensation, serial_shops,
          nicolae_diamond_shop
D:6:      layout_basic, uniq_maggie, uniq_grinder

Skill      XL: |  1  2  3  4  5  6  7  8  9 |
---------------+----------------------------+-----
Invocations    | 1 2 3 4 |  4.5
Short Blades   | 1 2 3 4 |  4.0
Long Blades    | 1 2 3 4 |  4.0
Axes           | 1 2 3 4 |  4.0
Maces & Flails | 1 2 3 4 |  4.0
Polearms       | 1 2 3 4 |  4.0
Staves         | 1 2 3 4 |  4.0
Throwing       | 1 2 3 4 |  4.0
Armour         | 1 2 3 4 |  4.0
Stealth        | 1 2 3 4 |  4.0
Shields        | 1 2 3 4 |  4.0
Unarmed Combat | 1 2 3 4 |  4.0
Evocations     | 1 2 3 4 |  4.0
Spellcasting   | 3 4 5 |  5.0
Conjurations   | 1 2 3 |  3.3
Summonings     | 1 2 3 |  3.3
Necromancy     | 1 2 3 |  3.3
Translocations | 1 2 3 |  3.3
Transmutations | 1 2 3 |  3.3
Fire Magic     | 1 2 3 |  3.3
Ice Magic      | 1 2 3 |  3.3
Air Magic      | 1 2 3 |  3.3
Earth Magic    | 1 2 3 |  3.3
Poison Magic   | 1 2 3 |  3.3
Fighting       | 3 4 |  4.9
Ranged Weapons | 5 6 |  6.2
Dodging        | 5 6 |  6.2
Hexes          | 6 |  6.4

Action                   |  1- 3 |  4- 6 |  7- 9 || total
-------------------------+-------+-------+-------++-------
Melee: Dagger            |    32 |       |       ||    32
       Bite              |     5 |    11 |    18 ||    34
       Short sword       |    19 |   144 |   103 ||   266
       Punch             |       |     3 |     2 ||     5
 Fire: Sling             |    53 |       |     8 ||    61
Throw: Dart              |       |       |    12 ||    12
       Javelin           |       |       |     2 ||     2
       Boomerang         |       |       |     1 ||     1
 Cast: Slow              |     2 |     3 |     4 ||     9
       Cause Fear        |       |     2 |       ||     2
       Frozen Ramparts   |       |       |     1 ||     1
 Stab: Sleeping          |     4 |     3 |     1 ||     8
Armor: Robe              |    15 |    22 |     9 ||    46
Dodge: Dodged            |    57 |    84 |    59 ||   200
